 Dungeon Crawl Stone Soup version 0.16-a0-3633-g6873515 (webtiles) character file.

114 vatarom the Sneak (level 4, 0/23 HPs)
             Began as a Vine Stalker Assassin on Jan 14, 2015.
             Killed from afar by an orc wizard (6 damage)
             ... with a magic dart
             ... on level 3 of the Dungeon.
             The game lasted 00:05:59 (1606 turns).

vatarom the Sneak (Vine Stalker Assassin)           Turns: 1606, Time: 00:05:59

Health: 0/23       AC:  3    Str: 15    XL:     4   Next: 97%
Magic:  0/5        EV: 11    Int: 12    God:
Gold:   61         SH:  0    Dex: 15    Spells: 0 memorised, 3 levels left

rFire  . . .     SeeInvis .     a - +2 dagger
rCold  . . .     Clarity  .     c - +0 robe
rNeg   . . .     SustAb   .     (no shield)
rPois  .         Gourm    .     (no helmet)
rElec  .         Spirit   +     d - +0 cloak
rCorr  .         Warding  .     (no gloves)
rMut   .         Stasis   .     (no boots)
MR     .....                    (no amulet)
Stlth  +++.......               (no ring)
                                g - +3 ring of intelligence

@: not resistant to hostile enchantments, fairly stealthy
A: fangs 2, dopey 1, regeneration 1, spit poison 1, magic shield, antimagic
bite, no device heal 3, rot immunity
a: Spit Poison


You were on level 3 of the Dungeon.
You were not hungry.

You visited 1 branch of the dungeon, and saw 3 of its levels.

You collected 61 gold pieces.

Inventory:

Hand weapons
 a - a +2 dagger (weapon)
 b - a +0 blowgun
Missiles
 e - 8 poisoned needles
 f - 2 curare-tipped needles
Armour
 c - a +0 robe (worn)
 d - a +0 cloak (worn)
 l - a +0 scale mail
Jewellery
 g - a +3 ring of intelligence (left hand)
Scrolls
 i - a scroll of amnesia
 k - a scroll of remove curse
 m - 2 scrolls of magic mapping
Potions
 h - 4 potions of curing
 j - a potion of brilliance


   Skills:
 - Level 1.7 Fighting
 + Level 4.4 Short Blades
 - Level 1.7 Throwing
 - Level 0.7 Dodging
 - Level 5.0 Stealth


You had 3 spell levels left.
You didn't know any spells.

Dungeon Overview and Level Annotations

Branches:
Dungeon (3/15)

Altars:


Innate Abilities, Weirdness & Mutations

You have extremely sharp teeth.
Your natural rate of healing is unusually fast.
When hurt, damage is shared between your health and your magic reserves.
Your bite disrupts and absorbs the magic of your enemies.
Potions and wands cannot restore your health.
You are immune to rotting.
You are dopey. (Int -2)
You can spit poison.


Message History

You hit the orc wizard.
The orc wizard is moderately wounded.
You hit the orc wizard but do no damage.
Your bite misses the orc wizard.
The orc wizard is moderately wounded.
The orc wizard hits you with a dagger.
You hit the orc wizard but do no damage.
The orc wizard is moderately wounded.
The orc wizard hits you but does no damage.
The orc wizard casts a spell at you. The magic dart hits you!
* * * LOW HITPOINT WARNING * * *
You closely miss the orc wizard.
The orc wizard is moderately wounded.
The orc wizard hits you with a dagger.
You hit the orc wizard but do no damage.
The orc wizard is moderately wounded.
The orc wizard casts a spell at you. The magic dart hits you!
You die...

##.###.....#
####...##.....#
#............#
#.##...####..# .
#.###.#####.<# #. #.#
#.#......# #.##.#
#.#....#.# #.##.#
#.####.#.# #.##.# #@#
#.#.# #.##.# #o# #.#.# #
##.##.###o####.#.#
..##.##oo.#lo.olo.......
..oo.....#.oo...g.##..###
#?...ยง.######.# ..#
#...%..#..## .# .....
#[.# .# g##. #..# ..


You could see an orc wizard, 3 orcs, a goblin and a giant newt.

Vanquished Creatures
  Sigmund (D:2)
  A giant mite (D:2)
  An orc (D:3)
  3 giant cockroaches
  4 goblins (D:2)
  2 hobgoblins
  2 jackals (D:1)
  6 bats
  A giant newt (D:1)
  7 kobolds
  4 rats
32 creatures vanquished.

Notes
Turn   | Place    | Note
--------------------------------------------------------------
     0 | D:1      | vatarom, the Vine Stalker Assassin, began the quest for the Orb.
     0 | D:1      | Reached XP level 1. HP: 11/11 MP: 1/1
    87 | D:1      | Reached skill level 5 in Stealth
   238 | D:1      | Gained mutation: You are dopey. (Int -2) [potion of mutation]
   238 | D:1      | Gained mutation: You can spit poison. [potion of mutation]
   257 | D:1      | Reached XP level 2. HP: 15/15 MP: 3/3
   822 | D:2      | Reached XP level 3. HP: 18/18 MP: 4/4
  1081 | D:2      | Noticed Sigmund
  1091 | D:2      | Killed Sigmund
  1091 | D:2      | Reached XP level 4. HP: 17/23 MP: 3/5
  1606 | D:3      | Killed from afar by an orc wizard

Action                   |  1- 3 |  4- 6 || total
-------------------------+-------+-------++-------
Melee: Dagger            |    67 |    36 ||   103
 Fire: Blowgun           |     3 |       ||     3
  Use: Potion            |     4 |       ||     4
       Scroll            |     2 |     2 ||     4
 Stab: Sleeping          |     3 |     1 ||     4
  Eat: Bread ration      |       |     1 ||     1
